 Dungeon Crawl Stone Soup version 0.29-a0-96-g93358da72b (webtiles) character file.

Game seed: 11320465196515868768

13 cyrus the Skirmisher (level 2, 0/28 HPs)
             Began as a Naga Fighter on Feb 11, 2022.
             Slain by a ball python (1 damage)
             ... on level 1 of the Dungeon.
             The game lasted 00:00:58 (408 turns).

cyrus the Skirmisher (Naga Fighter)                  Turns: 408, Time: 00:00:58

Health: 0/28       AC:  4    Str: 18    XL:     2   Next: 37%
Magic:  2/2        EV:  7    Int:  8    God:
Gold:   0          SH:  4    Dex: 10    Spells: 1/1 levels left

rFire   . . .      SeeInvis +   a - +0 trident
rCold   . . .      Faith    .   c - +0 buckler
rNeg    . . .      Spirit   .   b - +0 scale mail
rPois   +          Reflect  .   (no helmet)
rElec   .          Harm     .   (no cloak)
rCorr   .          Rampage  .   (no gloves)
Will    .....                   (no barding)
Stlth   ..........              (no amulet)
HPRegen 0.09/turn               (no ring)
MPRegen 0.08/turn               (no ring)

@: mighty, very slow
A: AC +0, large, see invisible, deformed body, poison resistance, slowness 2,
spit poison 1, naga tail 1
a: Spit Poison


You were on level 1 of the Dungeon.
You visited 1 branch of the dungeon, and saw 1 of its levels.

Inventory:

Hand Weapons
 a - a +0 trident (weapon)
Armour
 b - a +0 scale mail (worn)
 c - a +0 buckler (worn)


   Skills:
 + Level 3.2 Fighting
 + Level 2.1 Polearms
 + Level 2.5 Armour
 + Level 0.1 Dodging
 + Level 2.5 Shields


You had one spell level left.
You didn't know any spells.
Your spell library was empty.

Dungeon Overview and Level Annotations

Branches:
Dungeon (1/15)

Altars:


Innate Abilities, Weirdness & Mutations

Your serpentine skin is tough. (AC +0)
You have supernaturally acute eyesight. (SInv)
Armour fits poorly on your strangely shaped body.
Your system is resistant to poisons. (rPois)
You cover ground very slowly.
You can spit poison.
You have a snake-like lower body.


Message History

The hobgoblin hits you but does no damage.
The ball python closely misses you. The kobold hits you with a +0 dagger.
* * * LOW HITPOINT WARNING * * *
The hobgoblin hits you but does no damage.
Things that are here:
a rat corpse; a hobgoblin corpse You feel very mighty all of a sudden.
The ball python barely misses you. The bat hits you but does no damage.
The kobold hits you with a +0 dagger.
* * * LOW HITPOINT WARNING * * *
You block the hobgoblin's attack.
The ball python bites you but does no damage.
You puncture the hobgoblin!
You kill the hobgoblin!
The bat hits you.
* * * LOW HITPOINT WARNING * * *
The kobold barely misses you. The ball python bites you.
* * * LOW HITPOINT WARNING * * *
The bat barely misses you.
You closely miss the kobold. The bat closely misses you.
The ball python completely misses you. The kobold hits you but does no damage.
You barely miss the kobold. The bat hits you but does no damage.
The ball python completely misses you. The kobold hits you but does no damage.
The bat hits you.
* * * LOW HITPOINT WARNING * * *
The ball python bites you but does no damage.
The kobold hits you with a +0 dagger.
* * * LOW HITPOINT WARNING * * *
You closely miss the kobold. The bat closely misses you.
The ball python bites you but does no damage.
The kobold hits you but does no damage.
You barely miss the kobold. The bat hits you but does no damage.
The ball python barely misses you. The bat hits you but does no damage.
The kobold hits you but does no damage. The ball python bites you.
* * * LOW HITPOINT WARNING * * *
The bat hits you but does no damage.
You puncture the kobold!
You kill the kobold!
The bat barely misses you. The ball python bites you.
You die...

##>...........####.####.##
###..........#####...#....
#.......###........#....##
#.#.#####
##.........##.... #.#.#
#................ ##...#
#............###. #..###
##..........#.# #..#
##....Sb.....#.# #>.#
#.....†@)....#.# ...#
.......$....## ..##
............# ###
..#.......$..# #####. .
#..........# #.....
#............ ..##.
#...........# .....#
#..........## ####...


You could see a bat and a ball python.

Vanquished Creatures
  2 ball pythons (D:1)
  A bat (D:1)
  2 endoplasms (D:1)
  A goblin (D:1)
  2 hobgoblins (D:1)
  A quokka (D:1)
  A kobold (D:1)
  2 rats (D:1)
12 creatures vanquished.

Vanquished Creatures (others)
  3 plants (D:1)
3 creatures vanquished.

Grand Total: 15 creatures vanquished

Notes
Turn   | Place    | Note
-------+----------+-------------------------------------------
     0 | D:1      | cyrus the Naga Fighter began the quest for the Orb.
     0 | D:1      | Reached XP level 1. HP: 21/21 MP: 1/1
   311 | D:1      | Reached XP level 2. HP: 21/28 MP: 2/2
   405 | D:1      | HP: 1/28 [kobold (3)]
   408 | D:1      | Slain by a ball python

Illustrated notes

Levels and vault maps discovered:
D:1:      psy_arrival_fountain, layout_rooms, serial_bayou_lake_a

Action                   || total
-------------------------++-------
Melee: Trident           ||    41
  Use: Potion            ||     1
Armor: Scale mail        ||    43
Dodge: Dodged            ||    36
Block: Buckler           ||    15

Table legend: (Time is in decaauts)
 A = Elapsed time spent in this place.
 B = Non-inter-level travel time spent in this place.
 C = Inter-level travel time spent in this place.
 D = Time resting spent in this place.
 E = Time spent auto-exploring this place.
 F = Levels seen in this place.
 G = Mean time per level.
                   A        B        C        D        E       F      G
               +--------+--------+--------+--------+--------+-----+--------+
         Total |    465 |    465 |      0 |      0 |    342 |   1 |  465.0 |
       Dungeon |    465 |    465 |      0 |      0 |    342 |   1 |  465.0 |
               +--------+--------+--------+--------+--------+-----+--------+

Top non-repeatable levels by time:
     D:1: 465 daAuts
